 Dungeon Crawl Stone Soup version 0.31-a0-631-g285b096dc4 (webtiles) character file.

Game seed: 46156941958315569

109 NinjaNoafa the Slasher (level 4, -6/33 HPs)
             Began as a Demonspawn Gladiator on Aug 25, 2023.
             Killed by nerve-wracking pain
             ... invoked by Grinder
              (10 damage)
             ... on level 2 of the Dungeon.
             The game lasted 00:03:46 (1774 turns).

NinjaNoafa the Slasher (Demonspawn Gladiator)       Turns: 1774, Time: 00:03:47

Health: -6/33      AC:  4    Str: 14    XL:     4   Next: 60%
Magic:  6/6        EV: 12    Int: 10    God:
Gold:   217        SH:  0    Dex: 16    Spells: 6/6 levels left

rFire   . . .        a - +0 long sword
rCold   . . .        (no shield)
rNeg    . . .        b - +0 leather armour
rPois   .            c - +0 helmet
rElec   .            (no cloak)
rCorr   .            (no gloves)
SInv    .            (no boots)
Will    +....        i - amulet of faith
Stlth   +            k - ring of willpower
HPRegen 0.25/turn    (no ring)
MPRegen 0.10/turn

%: faith
@: no status effects
A: claws 1, demonic magic 1
a: no special abilities


You were on level 2 of the Dungeon.
You visited 1 branch of the dungeon, and saw 3 of its levels.

You collected 217 gold pieces.

Inventory:

Hand Weapons
 a - a +0 long sword (weapon)
Missiles
 d - a throwing net
 e - 3 javelins (quivered)
Armour
 b - a +0 leather armour (worn)
 c - a +0 helmet (worn)
Jewellery
 i - an amulet of faith (around neck)
 k - a ring of willpower (left claw)
Scrolls
 f - 2 scrolls of enchant armour {unknown}
 g - 2 scrolls of blinking {unknown}
 j - 3 scrolls of identify {unknown}
Potions
 h - 2 potions of heal wounds {unknown}
 l - 2 potions of brilliance {unknown}
 m - a potion of enlightenment {unknown}
 n - a potion of degeneration {unknown}
 o - a potion of mutation {unknown}
 p - a potion of attraction {unknown}
 q - a potion of curing {unknown}


   Skills:
 - Level 2.0 Fighting
 + Level 4.5 Long Blades
 - Level 1.7 Throwing
 - Level 2.6 Dodging
 - Level 1.5 Spellcasting
 - Level 0.1 Conjurations


You had 6 spell levels left.
You didn't know any spells.
Your spell library contained the following spells:

 Spells                   Type           Power      Damage    Failure   Level
 Poisonous Vapours        Pois/Air       0%         N/A       52%         2
 Mephitic Cloud           Conj/Pois/Air  0%         N/A       77%         3
 Freezing Cloud           Conj/Ice/Air   0%         6-21      100%        5


Dungeon Overview and Level Annotations

Branches:
Dungeon (3/15) Zot: 16185

Altars:

Annotations:
D:2 Grinder


Innate Abilities, Weirdness & Mutations

You have sharp fingernails.
Spells you cast may paralyse adjacent enemies.


Message History

You hit Grinder but do no damage.
Grinder blinks!
The adder bites you but does no damage.
Throw: 6 javelins
Press: ? - help, Q - select action, (/) - cycle Shift-Dir - straight line, f/p - Grinder
Aim: Grinder (severely wounded, 53% to hit)
You throw a javelin. The javelin pierces through Grinder.
The adder bites you but does no damage. Grinder gestures at you.
Pain shoots through your body!
* * * LOW HITPOINT WARNING * * *
The adder barely misses you.
Grinder blinks!
You take 1 damage, and have 12/33 hp.
Unknown command.
Okay, then.
Throw: 5 javelins
Press: ? - help, Q - select action, (/) - cycle Shift-Dir - straight line, f - adder
Aim: an adder (38% to hit)
You throw a javelin. The javelin misses the adder.
The adder bites you but does no damage. The adder closely misses you.
You completely miss the adder. The adder bites you but does no damage.
You closely miss the adder. The adder misses you. The adder closely misses you.
You barely miss the adder. The adder barely misses you. x2
You hit the adder. The adder bites you but does no damage.
You hit the adder. The adder bites you but does no damage.
Grinder closely misses you. The adder bites you.
* * * LOW HITPOINT WARNING * * *
You take 1 damage, and have 12/33 hp.
Throw: 4 javelins
Press: ? - help, Q - select action, (/) - cycle Shift-Dir - straight line, f - Grinder, p - adder
Aim: Grinder (severely wounded, 53% to hit)
You throw a javelin. The javelin barely misses Grinder.
Grinder hits you.
* * * LOW HITPOINT WARNING * * *
You writhe in agony.
* * * LOW HITPOINT WARNING * * *
The adder closely misses you. Grinder gestures at you.
Pain shoots through your body!
You die...
Grinder says, "Now the real fun starts!"

#...# #.###.##....#...
#..## #.# #.#..)..#...
#.## #.# #.#....####'
#.# #.# #.'...###... #.#
#.###.#..###....
#.#######..##.#.###.....
#...>..(#.....####.....#
#######5#.###.###.....##
#@#.# #..####'#### #S#.#
#....)...... #.#.#
##.....##..# #.#.#
#..........
#.#.####..........
#.#.......###.####
#.######### #.# #
#(###########.####
#.##..............


You could see Grinder and an adder.

Vanquished Creatures
  3 adders (D:2)
  A worm (D:2)
  4 dart slugs
  7 endoplasms
  2 giant cockroaches (D:1)
  8 goblins
  7 hobgoblins
  3 jackals (D:1)
  5 quokkas (D:2)
  6 ball pythons
  7 bats
  4 frilled lizards
  6 kobolds
  5 rats
68 creatures vanquished.

Notes
Turn   | Place    | Note
-------+----------+-------------------------------------------
     0 | D:1      | NinjaNoafa the Demonspawn Gladiator began the quest for the
                  | Orb.
     0 | D:1      | Reached XP level 1. HP: 16/16 MP: 1/1
   118 | D:1      | Reached skill level 3 in Long Blades
   140 | D:1      | Gained mutation: Spells you cast may paralyse adjacent
                  | enemies. [demonic ancestry]
   140 | D:1      | Reached XP level 2. HP: 22/22 MP: 2/2
   469 | D:1      | Gained mutation: You have sharp fingernails. [demonic
                  | ancestry]
   469 | D:1      | Reached XP level 3. HP: 27/27 MP: 3/3
   697 | D:1      | Reached skill level 4 in Long Blades
  1281 | D:2      | Reached skill level 1 in Spellcasting
  1281 | D:2      | Reached XP level 4. HP: 17/33 MP: 5/5
  1739 | D:3      | Noticed Grinder
  1774 | D:2      | Killed from afar by Grinder

Illustrated notes

Levels and vault maps discovered:
D:1:      dpeg_arrival_morbid_curiosity, layout_basic, serial_aquarium,
          aquarium_bridge_island_small [aquarium_subvault_small_water,
          aquarium_subvault_bridge, aquarium_subvault_bridge,
          aquarium_subvault_bridge, aquarium_subvault_window],
          aquarium_window_corridor_3, aquarium_window_1, aquarium_view_2c,
          aquarium_view_4, aquarium_pool_corner, minmay_surrounded
D:2:      minmay_evil_eye, layout_loops_ring, minmay_quadrilaterals
D:3:      layout_rooms, chequers_ecumenical_altar_lobes, serial_bayou_crossing,
          uniq_grinder

Skill      XL: |  1  2  3 |
---------------+----------+-----
Long Blades    | 3 4 |  4.5
Spellcasting   | 1 |  1.5
Fighting       | |  2.0
Throwing       | |  1.7
Dodging        | |  2.6
Conjurations   | |  0.1

Action                     |  1- 3 |  4- 6 || total
---------------------------+-------+-------++-------
  Melee: Long sword        |   140 |    52 ||   192
  Throw: Javelin           |       |     3 ||     3
         Throwing net      |       |     2 ||     2
   Stab: Sleeping          |     2 |       ||     2
 Armour: Leather armour    |    68 |    26 ||    94
  Dodge: Dodged            |   132 |    48 ||   180

Table legend: (Time is in decaauts)
 A = Elapsed time spent in this place.
 B = Non-inter-level travel time spent in this place.
 C = Inter-level travel time spent in this place.
 D = Time resting spent in this place.
 E = Time spent auto-exploring this place.
 F = Levels seen in this place.
 G = Mean time per level.
                   A        B        C        D        E       F      G
               +--------+--------+--------+--------+--------+-----+--------+
         Total |   1812 |   1740 |     72 |     70 |   1184 |   3 |  604.0 |
       Dungeon |   1812 |   1740 |     72 |     70 |   1184 |   3 |  604.0 |
               +--------+--------+--------+--------+--------+-----+--------+

Top non-repeatable levels by time:
     D:1: 952 daAuts
     D:2: 809 daAuts
     D:3: 50 daAuts
